 Dungeon Crawl Stone Soup version 0.28.0-53-g5a82cb258f (webtiles) character file.

Game seed: 9700152175672442974

791 tizbic2 the Cudgeller (level 7, -2/71 HPs)
             Began as an Ogre Fighter on July 10, 2022.
             Slain by a wight
             ... wielding a +3 flail
              (9 damage)
             ... on level 5 of the Dungeon on July 12, 2022.
             The game lasted 00:18:09 (4382 turns).

tizbic2 the Cudgeller (Ogre Fighter)                Turns: 4382, Time: 00:18:11

Health: -2/71      AC:  5    Str: 23    XL:     7   Next: 88%
Magic:  7/7        EV:  8    Int:  9    God:
Gold:   179        SH:  9    Dex:  8    Spells: 4/6 levels left

rFire   . . .      SeeInvis .   d - +1 flail (holy)
rCold   . . .      Faith    .   b - +2 kite shield
rNeg    + . .      Spirit   .   t - +2 robe {rN+}
rPois   .          Reflect  .   (helmet restricted)
rElec   .          Harm     .   (no cloak)
rCorr   .          Rampage  .   (gloves unavailable)
Will    .....                   (boots unavailable)
Stlth   +.........              (no amulet)
HPRegen 0.21/turn               (no ring)
MPRegen 0.10/turn               (no ring)

@: no status effects
A: large, unfitting armour, tough skin 1
a: no special abilities


You were on level 5 of the Dungeon.
You visited 1 branch of the dungeon, and saw 5 of its levels.

You collected 179 gold pieces.

Inventory:

Hand Weapons
 d - a +1 flail of holy wrath (weapon)
 j - the +12 whip of Farrin {elec, rC+ Int+3}
   (You took it off a goblin on level 2 of the Dungeon)

   It occasionally discharges a powerful burst of electricity upon striking a
   foe.
   Int:       It affects your intelligence (+3).
   rC:        It protects you from cold.
Missiles
 f - 160 stones (quivered)
 k - 2 poisoned darts
Armour
 b - a +2 kite shield (worn)
 t - a +2 robe of positive energy (worn)
Jewellery
 e - a ring of fire
Scrolls
 i - 2 scrolls of blinking
 o - a scroll of teleportation {unknown}
 p - a scroll of fog {unknown}
 q - a scroll of enchant weapon
 r - 2 scrolls of amnesia {unknown}
 u - a scroll of silence {unknown}
Potions
 a - a potion of curing {unknown}
 c - 2 potions of might
 g - 2 potions of invisibility
 h - a potion of lignification
 l - 3 potions of brilliance {unknown}
 m - a potion of resistance {unknown}
 n - a potion of degeneration {unknown}
 s - a potion of heal wounds {unknown}
 v - a potion of magic {unknown}


   Skills:
 - Level 4.4 Fighting
 * Level 6.0 Maces & Flails
 - Level 0.8 Throwing
 - Level 2.6 Dodging
 - Level 2.8 Shields
 - Level 2.1 Unarmed Combat
 - Level 1.0 Air Magic
 + Level 3.6 Poison Magic


You had 4 spell levels left.
You knew the following spells:

 Your Spells              Type           Power      Damage    Failure   Level
a - Poisonous Vapours     Pois/Air       8%         N/A       50%         2

Your spell library contained the following spells:

 Spells                   Type           Power      Damage    Failure   Level
 Corpse Rot               Necr/Air       0%         N/A       77%         2
 Static Discharge         Conj/Air       0%         N/A       77%         2
 Mephitic Cloud           Conj/Pois/Air  2%         N/A       85%         3
 Ignite Poison            Fire/Tmut/Pois 2%         N/A       88%         3
 Olgreb's Toxic Radiance  Pois           6%         N/A       91%         4
 Freezing Cloud           Conj/Ice/Air   0%         6-21      100%        5
 Lightning Bolt           Conj/Air       0%         1d11      100%        5
 Ozocubu's Refrigeration  Ice            0%         4d5       100%        7
 Ignition                 Fire           0%         3d3       100%        8
 Maxwell's Capacitive Co  Air            0%         ∞         100%        8


Dungeon Overview and Level Annotations

Branches:
Dungeon (5/15)
 Temple: D:4-7

Altars:

Shops:
D:1 (   D:3 =


Innate Abilities, Weirdness & Mutations

You are too large for most types of armour.
You have tough skin. (AC +1)


Message History

You hit the wight.
The wight is severely damaged.
The hound bites you.
The wight hits you with a +0 great sword!!
You partially resist.
You feel drained.
A wight comes into view. It is wielding a +3 flail.
You whack the hound! Lightning courses through the hound!
You kill the hound!
You block the wight's attack.
You whack the wight!
You destroy the wight!
Your life force feels restored.
Your Maces & Flails skill increases to level 6!
Things that are here:
a +0 great sword; a +0 robe You start resting.
A wight is nearby!
You hit the wight but do no damage. You whack the wight!
The wight is severely damaged.
The wight hits you with a +3 flail!
* * * LOW HITPOINT WARNING * * *
The +12 whip of Farrin {elec, rC+ Int+3} stops crackling.
Your +1 flail of holy wrath softly glows with a divine radiance!
d - a +1 flail of holy wrath (weapon)
You block the wight's attack.
You barely miss the wight.
The wight is severely damaged.
The wight closely misses you.
You barely miss the wight.
The wight is severely damaged.
You block the wight's attack.
You barely miss the wight.
The wight is severely damaged.
The wight closely misses you. The wight hits you with a +3 flail!
* * * LOW HITPOINT WARNING * * *
You barely miss the wight.
The wight is severely damaged.
The wight hits you with a +3 flail!
You die...

.###......................
....#..........# #.#
...........#...# #.#
....>......[.### #z#
..........).## #)##
#.....#####.# #.)# #.....
#.########.#
###.#######......z.#.# #.
.........##@#.#.# .
########)...#..[#
#...#####.# ##.... ..#
####.# #.. ...#..# .##..#
...... ##..#


You could see a wight.

Vanquished Creatures
  Sigmund (D:4)
  Eustachio (D:4)
  Edmund (D:4)
  A centaur (D:5)
  A scorpion (D:4)
  2 wights (D:5)
  A hound (D:5)
  An iguana (D:4)
  A killer bee zombie (D:4)
  2 adders
  A white imp (D:4)
  A worm (D:4)
  2 dart slugs (D:1)
  2 orcs
  7 endoplasms
  2 giant cockroaches
  3 goblins
  6 hobgoblins
  2 kobolds
  4 quokkas (D:1)
  6 ball pythons
  5 bats
  4 frilled lizards
  7 rats
64 creatures vanquished.

Notes
Turn   | Place    | Note
-------+----------+-------------------------------------------
     0 | D:1      | tizbic2 the Ogre Fighter began the quest for the Orb.
     0 | D:1      | Reached XP level 1. HP: 24/24 MP: 1/1
   282 | D:1      | Reached XP level 2. HP: 32/32 MP: 2/2
   317 | D:1      | Found a faded altar of an unknown god.
   324 | D:1      | Found Vutog's Weapon Emporium.
   528 | D:1      | Reached skill level 1 in Maces & Flails
   661 | D:1      | Reached XP level 3. HP: 40/40 MP: 3/3
  1391 | D:2      | Identified the +12 whip of Farrin {elec, rC+ Int+3}
  1554 | D:2      | Learned a level 2 spell: Poisonous Vapours
  1997 | D:3      | Found Zohuy's Jewellery Shoppe.
  2224 | D:3      | Reached XP level 4. HP: 49/49 MP: 4/4
  2392 | D:3      | Reached skill level 2 in Maces & Flails
  2804 | D:3      | Reached skill level 1 in Air Magic
  3194 | D:4      | Noticed a scorpion
  3197 | D:4      | Killed a scorpion
  3198 | D:4      | Reached skill level 1 in Poison Magic
  3198 | D:4      | Reached XP level 5. HP: 55/55 MP: 5/5
  3371 | D:4      | Reached skill level 3 in Maces & Flails
  3403 | D:4      | Noticed Sigmund
  3412 | D:4      | Killed Sigmund
  3413 | D:4      | Reached skill level 4 in Maces & Flails
  3413 | D:4      | Reached XP level 6. HP: 51/63 MP: 6/6
  3445 | D:4      | Noticed Edmund
  3449 | D:4      | Killed Edmund
  3607 | D:4      | Reached XP level 7. HP: 63/71 MP: 7/7
  3689 | D:4      | Noticed Eustachio
  3701 | D:4      | Killed Eustachio
  3702 | D:4      | Reached skill level 5 in Maces & Flails
  4112 | D:5      | Entered Level 5 of the Dungeon
  4365 | D:5      | Reached skill level 6 in Maces & Flails
  4382 | D:5      | Slain by a wight

Illustrated notes

Levels and vault maps discovered:
D:1:      mrwooster_arrival_statue_3, layout_basic, serial_shops, shop,
          shapermc_ecumenical_altar_venn
D:2:      layout_basic
D:3:      layout_basic, serial_shops, shop, minmay_misc_feat_hallway
D:4:      layout_basic, hex_medium, nicolae_zen_rock_garden,
          sigmund_edmund_badplayer, uniq_eustachio
D:5:      minmay_opposing_rooms, layout_loops_ring, temple_green

Skill      XL: |  1  2  3  4  5  6  7 |
---------------+----------------------+-----
Unarmed Combat | 2 |  2.1
Maces & Flails | 1 2 4 6 |  6.0
Air Magic      | 1 |  1.0
Poison Magic   | 1 2 3 |  3.6
Fighting       | |  4.4
Throwing       | |  0.8
Dodging        | |  2.6
Shields        | |  2.8

Action                   |  1- 3 |  4- 6 |  7- 9 || total
-------------------------+-------+-------+-------++-------
Melee: Unarmed           |    99 |       |       ||    99
       Whip              |    17 |    32 |    20 ||    69
       Flail             |       |     1 |     4 ||     5
Throw: Stone             |     2 |     4 |       ||     6
       Dart              |     2 |     1 |       ||     3
  Use: Scroll            |     4 |     2 |     1 ||     7
Armor: Robe              |    26 |     3 |     1 ||    30
Dodge: Dodged            |    37 |    13 |     7 ||    57
Block: Kite shield       |    38 |     7 |    12 ||    57
